details: 'Somnus the tricked and stabbed'

« prev index next »

General information

Mini Map

Players

team 1
HumanSomnus (red | 40 APM | 2266 actions | 56:10)
Hero icon 8 Archmage
Ability icon 3 Summon Water Elemental
Ability icon 3 Brilliance Aura
Ability icon 2 Blizzard

» actions
Basic commands2
Build / train95
Enter build submenu45
Enter hero's abilities submenu6
Give item / drop item1
Remove unit from queue1
Right click1296
Select / deselect626
Use ability194
2266 total
» units
Peasant29
Dragonhawk Rider14
Gryphon Rider6
Siege Engine3
Rifleman6
58 total
» upgrades
Masonry1
Lumber Harvesting1
Swords3
Plating2
Cloud1
Storm Hammers1
Barrage1
10 total
» buildings
Lumber Mill1
Farm21
Keep2
Altar of Kings2
Scout Tower2
Guard Tower2
Arcane Vault2
Castle1
Blacksmith3
Gryphon Aviary2
Town Hall3
Workshop2
Barracks2
45 total
» build order
00:07 Lumber Mill
00:16 Farm
00:55 Farm
01:34 Farm
02:10 Keep
02:15 Altar of Kings
02:22 Scout Tower
02:49 Guard Tower
02:53 Farm
03:22 Arcane Vault
03:32 Farm
04:11 Scout Tower
04:35 Castle
04:40 Guard Tower
04:43 Blacksmith
04:52 Gryphon Aviary
06:12 Gryphon Aviary
07:20 Farm
09:50 Farm
10:39 Farm
11:42 Farm
12:09 Town Hall
12:33 Farm
13:45 Farm
14:33 Farm
18:26 Workshop
18:33 Workshop
24:22 Town Hall
29:39 Altar of Kings
30:02 Barracks
30:17 Blacksmith
31:19 Barracks
31:46 Farm
32:22 Blacksmith
32:30 Farm
32:53 Farm
33:10 Farm
33:45 Farm
33:47 Farm
34:26 Keep
34:33 Farm
34:58 Arcane Vault
35:17 Farm
38:10 Farm
41:35 Town Hall
» items
Potion of Healing2
Potion of Mana1
Scroll of Regeneration1
Scroll of Town Portal2
Scroll of Healing1
Tome of Retraining1
Scroll of Protection1
9 total
Orcrod-quit-on-us (blue | 57 APM | 3190 actions | 56:10)
Hero icon 6 Blademaster
Ability icon 3 Wind Walk
Ability icon 2 Critical Strike
Ability icon 1 Bladestorm
Hero icon 3 Shadow Hunter
Ability icon 2 Hex
Ability icon 1 Healing Wave

» actions
Assign group hotkey40
Basic commands30
Build / train140
Enter build submenu24
Enter hero's abilities submenu11
Give item / drop item4
Remove unit from queue3
Right click1122
Select / deselect389
Select group hotkey907
Use ability520
3190 total
» units
Peon41
Footman3
Raider5
Troll Batrider1
Tauren4
Shaman3
Troll Witch Doctor24
81 total
» upgrades
Ranged Weapons1
Melee Weapons3
Armor3
Ensnare1
Reinforced Defenses2
Pulverize1
Shaman Training2
Witch Doctor Training2
15 total
» buildings
Orc Burrow7
Altar of Storms1
Great Hall5
Stronghold1
War Mill1
Voodoo Lounge1
Watch Tower12
Beastiary3
Fortress2
Tauren Totem2
Spirit Lodge2
37 total
» build order
00:09 Orc Burrow
00:51 Altar of Storms
01:57 Great Hall
02:45 Stronghold
03:07 War Mill
03:11 Voodoo Lounge
03:40 Orc Burrow
04:18 Orc Burrow
04:19 Orc Burrow
05:13 Watch Tower
05:28 Beastiary
05:33 Beastiary
05:39 Beastiary
07:30 Fortress
07:31 Fortress
09:13 Orc Burrow
14:25 Tauren Totem
14:26 Tauren Totem
16:44 Orc Burrow
16:44 Orc Burrow
17:59 Spirit Lodge
17:59 Spirit Lodge
21:32 Great Hall
21:34 Watch Tower
21:34 Watch Tower
21:35 Watch Tower
21:35 Watch Tower
21:35 Watch Tower
21:36 Watch Tower
21:38 Watch Tower
21:38 Watch Tower
21:57 Watch Tower
21:58 Watch Tower
22:02 Watch Tower
33:04 Great Hall
33:07 Great Hall
35:02 Great Hall
» items
Dust of Appearance1
Potion of Lesser Invulnerability3
Staff of Teleportation3
Lesser Clarity Potion2
Healing Salve5
Scroll of Speed1
Potion of Mana3
Scroll of Town Portal3
Orb of Lightning1
Scroll of Healing2
Potion of Healing1
25 total
HumanPichulone (teal | 13 APM | 49 actions | 03:44)

» actions
Basic commands3
Build / train7
Enter build submenu3
Select / deselect28
Use ability8
49 total
» units
Peasant1
Footman6
7 total
» buildings
Barracks1
Scout Tower1
2 total
» build order
01:32 Barracks
02:26 Scout Tower
Humankillabee (orange | 35 APM | 950 actions | 26:52)
Hero icon 4 Mountain King
Ability icon 2 Storm Bolt
Ability icon 2 Bash
Hero icon 2 Paladin
Ability icon 1 Holy Light
Ability icon 1 Divine Shield

» actions
Basic commands40
Build / train82
Enter build submenu25
Enter hero's abilities submenu6
Right click312
Select / deselect384
Use ability101
950 total
» units
Peasant19
Footman6
Priest5
Knight6
Nerubian Webspinner1
Ice Troll Berserker1
Frost Revenant1
Siege Engine5
44 total
» upgrades
Defend1
Lumber Harvesting2
Plating2
Swords2
Animal War Training1
Priest Training2
Masonry1
Barrage1
12 total
» buildings
Farm13
Altar of Kings1
Barracks2
Arcane Vault2
Keep5
Blacksmith1
Lumber Mill1
Castle1
Arcane Sanctum1
Workshop1
Town Hall1
29 total
» build order
00:44 Farm
00:47 Altar of Kings
00:56 Barracks
01:24 Farm
01:33 Arcane Vault
01:39 Arcane Vault
02:04 Farm
02:09 Farm
02:59 Farm
03:40 Keep
03:40 Keep
03:40 Keep
04:04 Barracks
04:43 Blacksmith
05:24 Farm
05:49 Lumber Mill
06:26 Castle
06:30 Arcane Sanctum
06:40 Workshop
08:52 Town Hall
13:28 Farm
13:31 Farm
14:12 Farm
14:15 Farm
14:18 Farm
15:06 Farm
15:08 Farm
» items
Scroll of Regeneration4
Lesser Clarity Potion3
Scroll of Town Portal1
Potion of Healing3
Orb of Fire1
12 total
team 2
NightElfNoVa34 (pink | 36 APM | 1050 actions | 29:16)
Hero icon 5 Demon Hunter
Ability icon 1 Immolation
Ability icon 2 Mana Burn
Ability icon 2 Evasion
Hero icon 2 Priestess of the Moon
Ability icon 1 Trueshot Aura
Ability icon 1 Searing Arrows

» actions
Assign group hotkey20
Build / train60
Enter build submenu24
Enter hero's abilities submenu7
Remove unit from queue2
Right click277
Select / deselect323
Select group hotkey269
Use ability68
1050 total
» units
Wisp20
Archer5
Dryad2
Druid of the Claw4
Spell Breaker3
Mortar Team1
35 total
» upgrades
Strength of the Wild3
Reinforced Hides2
Abolish Magic1
Druid of the Claw Training2
Mark of the Claw1
Flare1
10 total
» buildings
Altar of Elders1
Moon Well8
Ancient of War1
Tree of Ages2
Hunter's Hall1
Tree of Life2
Ancient of Wonders1
Tree of Eternity2
Ancient of Lore3
Ancient Protector3
Castle1
Ancient of Wind1
26 total
» build order
00:05 Altar of Elders
00:08 Moon Well
00:12 Ancient of War
01:49 Moon Well
02:40 Moon Well
03:55 Tree of Ages
06:06 Hunter's Hall
06:18 Tree of Life
06:31 Ancient of Wonders
07:06 Tree of Eternity
07:19 Ancient of Lore
07:23 Ancient of Lore
07:29 Ancient of Lore
08:30 Moon Well
09:04 Ancient Protector
09:09 Ancient Protector
09:18 Ancient Protector
11:48 Moon Well
12:16 Moon Well
16:09 Moon Well
19:27 Tree of Life
24:45 Tree of Ages
27:22 Castle
28:04 Tree of Eternity
28:12 Ancient of Wind
28:20 Moon Well
HumanGeignard (green | 82 APM | 2658 actions | 32:35)
Hero icon 10 Archmage
Ability icon 3 Summon Water Elemental
Ability icon 3 Brilliance Aura
Ability icon 1 Mass Teleport
Ability icon 3 Blizzard

» actions
Assign group hotkey49
Basic commands18
Build / train69
Enter build submenu39
Enter hero's abilities submenu10
Give item / drop item5
Right click1099
Select / deselect277
Select group hotkey957
Use ability135
2658 total
» units
Peasant24
Footman5
Dragonhawk Rider5
34 total
» upgrades
Masonry2
Lumber Harvesting2
Swords3
Armor3
Animal War Training1
Cloud1
Storm Hammers1
13 total
» buildings
Farm11
Altar of Kings1
Barracks1
Arcane Vault1
Lumber Mill1
Town Hall2
Keep1
Blacksmith3
Scout Tower8
Guard Tower1
Gryphon Aviary14
Castle1
45 total
» build order
00:51 Farm
01:07 Altar of Kings
01:09 Barracks
01:21 Farm
01:30 Farm
02:02 Arcane Vault
02:06 Lumber Mill
02:40 Farm
04:17 Town Hall
05:40 Town Hall
05:59 Keep
06:54 Blacksmith
06:56 Blacksmith
06:58 Blacksmith
08:01 Scout Tower
08:02 Scout Tower
08:02 Scout Tower
08:04 Scout Tower
08:04 Scout Tower
08:05 Scout Tower
08:05 Scout Tower
09:18 Guard Tower
11:29 Gryphon Aviary
11:30 Gryphon Aviary
11:30 Gryphon Aviary
11:30 Gryphon Aviary
11:31 Gryphon Aviary
11:32 Gryphon Aviary
11:33 Gryphon Aviary
11:35 Gryphon Aviary
11:37 Gryphon Aviary
11:37 Gryphon Aviary
11:38 Gryphon Aviary
11:38 Gryphon Aviary
11:38 Gryphon Aviary
11:39 Gryphon Aviary
11:47 Castle
12:42 Farm
12:45 Farm
12:47 Farm
13:06 Farm
13:07 Farm
» items
Periapt of Vitality1
Boots of Speed1
Potion of Lesser Invulnerability2
Scroll of Town Portal1
Scroll of Healing2
Scroll of Regeneration1
8 total
HumanIDidntSeeTanks (purple | 79 APM | 4432 actions | 56:11)
Hero icon 10 Archmage
Ability icon 3 Summon Water Elemental
Ability icon 3 Brilliance Aura
Ability icon 1 Mass Teleport
Ability icon 3 Blizzard
Hero icon 1 Blood Mage
Ability icon 1 Banish

» actions
Assign group hotkey73
Basic commands133
Build / train153
ESC pressed13
Enter build submenu66
Enter hero's abilities submenu11
Give item / drop item7
Right click1985
Select / deselect690
Select group hotkey1088
Use ability213
4432 total
» units
Peasant26
Footman16
Dragonhawk Rider5
Gryphon Rider4
51 total
» upgrades
Masonry3
Swords3
Armor4
Lumber Harvesting2
Animal War Training1
Storm Hammers1
Cloud1
Backpack1
Plating3
Gunpowder3
Defend1
Long Rifles1
Magic Sentry1
Priest Training2
Sorceress Training2
Control Magic1
Barrage1
Flare1
Fragmentation Shards1
Flak Cannons1
Flying Machine Bombs1
35 total
» buildings
Altar of Kings1
Farm10
Barracks1
Town Hall9
Scout Tower25
Arcane Vault2
Lumber Mill1
Guard Tower22
Keep1
Blacksmith1
Castle1
Gryphon Aviary6
Arcane Sanctum1
Workshop3
Cannon Tower1
85 total
» build order
00:04 Altar of Kings
00:09 Farm
00:22 Barracks
00:47 Farm
01:27 Farm
02:40 Farm
04:47 Town Hall
04:54 Town Hall
04:58 Scout Tower
04:58 Scout Tower
04:59 Scout Tower
05:05 Arcane Vault
05:29 Lumber Mill
06:18 Guard Tower
06:19 Guard Tower
06:22 Keep
06:43 Blacksmith
09:08 Castle
09:47 Gryphon Aviary
09:51 Gryphon Aviary
09:54 Gryphon Aviary
10:03 Gryphon Aviary
11:50 Scout Tower
12:15 Scout Tower
12:19 Scout Tower
12:21 Scout Tower
12:38 Guard Tower
12:38 Guard Tower
12:38 Guard Tower
12:42 Guard Tower
12:45 Guard Tower
12:47 Guard Tower
12:51 Guard Tower
12:51 Guard Tower
13:40 Town Hall
13:56 Scout Tower
13:58 Scout Tower
14:09 Scout Tower
14:14 Scout Tower
14:33 Guard Tower
14:50 Scout Tower
14:55 Guard Tower
15:17 Guard Tower
16:26 Guard Tower
18:31 Town Hall
18:33 Scout Tower
18:36 Scout Tower
18:37 Scout Tower
18:40 Scout Tower
18:42 Town Hall
19:14 Scout Tower
19:29 Scout Tower
19:31 Scout Tower
19:33 Scout Tower
19:37 Guard Tower
19:49 Guard Tower
20:03 Guard Tower
20:13 Guard Tower
20:23 Farm
20:23 Farm
20:23 Farm
20:24 Farm
21:37 Gryphon Aviary
21:39 Farm
21:41 Farm
21:43 Gryphon Aviary
23:03 Arcane Vault
25:31 Scout Tower
25:32 Scout Tower
28:19 Guard Tower
30:26 Arcane Sanctum
38:33 Workshop
38:38 Workshop
38:43 Workshop
51:30 Scout Tower
52:21 Scout Tower
52:28 Scout Tower
53:18 Town Hall
53:20 Town Hall
53:21 Town Hall
53:24 Town Hall
53:30 Cannon Tower
» items
Scroll of Regeneration9
Mechanical Critter6
Periapt of Vitality2
Staff of Teleportation1
Boots of Speed1
Scroll of Town Portal5
Ivory Tower2
Potion of Healing3
Potion of Lesser Invulnerability1
30 total
HumanSQUOG (yellow | 61 APM | 1588 actions | 26:10)
Hero icon 5 Archmage
Ability icon 3 Blizzard
Ability icon 2 Brilliance Aura
Hero icon 3 Blood Mage
Ability icon 2 Flame Strike
Ability icon 1 Siphon Mana

» actions
Assign group hotkey23
Basic commands5
Build / train74
Enter build submenu22
Enter hero's abilities submenu8
Give item / drop item4
Remove unit from queue1
Right click871
Select / deselect364
Select group hotkey131
Use ability84
1588 total
» units
Peasant19
Footman3
Spell Breaker12
Siege Engine2
36 total
» upgrades
Masonry3
Defend1
Lumber Harvesting2
Plating1
Barrage1
Magic Sentry1
Control Magic1
Swords0
Gunpowder1
11 total
» buildings
Altar of Kings1
Barracks1
Farm8
Lumber Mill1
Town Hall4
Arcane Vault2
Scout Tower4
Keep2
Guard Tower2
Castle1
Arcane Sanctum2
Blacksmith1
Workshop2
31 total
» build order
00:09 Altar of Kings
00:20 Barracks
00:35 Farm
01:06 Farm
01:19 Lumber Mill
01:42 Farm
02:11 Farm
03:46 Town Hall
03:50 Arcane Vault
04:36 Scout Tower
04:37 Scout Tower
04:39 Scout Tower
04:40 Scout Tower
05:15 Keep
05:23 Farm
05:24 Farm
05:25 Farm
05:26 Farm
06:34 Guard Tower
06:49 Guard Tower
07:42 Castle
07:50 Arcane Sanctum
07:54 Arcane Sanctum
08:04 Blacksmith
09:20 Workshop
09:24 Workshop
12:22 Arcane Vault
13:50 Town Hall
15:57 Keep
20:59 Town Hall
23:17 Town Hall
» items
Scroll of Regeneration5
Scroll of Town Portal3
Potion of Healing3
11 total

Chat log

(00:36 / Allies) NoVa34: dryads
(00:41 / All) IDidntSeeTanks: They said you was high class. But that was just a lie
(00:42 / Allies) Geignard: copperz

(02:17 / Allies) Geignard: gold plox
(03:09 / Allies) Geignard: God-FUCKING-DAMNIT

(07:50 / Allies) IDidntSeeTanks: let's creep the wendigo
(08:49 / Allies) Geignard: oh they were your critters
(08:55 / Allies) IDidntSeeTanks: yes
(09:02 / Allies) IDidntSeeTanks: you killed one?
(09:06 / Allies) Geignard: yeah lol
(09:09 / Allies) Geignard: the seal by my expo
(09:17 / Allies) IDidntSeeTanks: was sending them to other side of map
(09:23 / Allies) Geignard: yeh I always attack them
(09:25 / Allies) Geignard: when I see them
(10:24 / Allies) Geignard: why would you lightning shield that LOL

(12:06 / Allies) IDidntSeeTanks: I am taking this

(13:12 / Allies) Geignard: wood
(14:01 / Allies) NoVa34: i need a mine y u take mine purp?
(14:09 / Allies) NoVa34: can some1 feed a little
(14:11 / Allies) IDidntSeeTanks: I need gold
(14:19 / Allies) Geignard: take those mines you baby
(14:33 / Allies) NoVa34: green u have 7k can i get a little gold?
(14:45 / Allies) Geignard: I need it for units
(14:56 / Allies) IDidntSeeTanks: Same
(14:57 / Allies) NoVa34: 7k?
(15:45 / Allies) SQUOG: way to go, rush bases w/ hawks?
(15:48 / Allies) SQUOG: rofl
(16:31 / Allies) SQUOG: green
(16:33 / Allies) SQUOG: come over here

(18:03 / Allies) IDidntSeeTanks: I'll try to retake it
(18:08 / Allies) NoVa34: lets hit
(18:13 / All) Geignard: too bad you leveled I had to waste wind
(18:18 / Allies) IDidntSeeTanks: damn you have level 6 already
(18:56 / Allies) NoVa34: green please some gold ur not using it
(19:02 / Allies) NoVa34: my th is gone
(19:06 / Allies) IDidntSeeTanks: Make a loan at the bank
(19:23 / All) Geignard: why you bother me purple is richer than me
(19:37 / All) Geignard: I owe out a lot of money
(19:40 / All) Geignard: that's not net income bro

(21:06 / Allies) NoVa34: seriouslt no one will give me gold?
(21:13 / Allies) IDidntSeeTanks: I don't have enough
(21:23 / Allies) NoVa34: lol
(22:17 / All) Geignard: Red you are my bitch
(23:07 / Allies) SQUOG: whats the point of staying at 50 once you have 10k
(23:10 / Allies) SQUOG: its not ffa
(23:12 / Allies) SQUOG: spend it ffs
(23:14 / Allies) IDidntSeeTanks: I don't have enough
(23:36 / Allies) SQUOG: lets fight blue

(24:55 / Allies) SQUOG: they didnt even expo rofl
(25:09 / Allies) IDidntSeeTanks: sick creeping
(25:14 / All) Geignard: REd why won't you chat with me?
(25:15 / Allies) SQUOG: ye
(25:18 / All) Somnus: ?
(25:24 / All) Geignard: you are my bitch?
(25:27 / All) Somnus: no
(25:32 / All) Geignard: Yes you are
(25:59 / All) Geignard: See

(27:04 / All) Geignard: Orange you are my new bitch
(27:09 / All) Somnus: green
(27:13 / All) Somnus: Shhhh
(27:13 / All) Geignard: Red's pussy is too beat up
(27:18 / Allies) IDidntSeeTanks: brb grabbing critters
(27:41 / Allies) Geignard: Why'd that fag leave
(27:51 / Allies) NoVa34: dunno use hi
(27:53 / Allies) NoVa34: him
(27:57 / Allies) Geignard: don't wanna
(28:16 / Allies) Geignard: griff
(28:45 / Allies) NoVa34: purp ur one of those ehh
(28:46 / All) Geignard: What are you wearing red
(28:53 / All) Somnus: a tiny thong
(28:57 / All) Geignard: Mmm
(29:02 / All) Somnus: and a sweater
(29:08 / All) IDidntSeeTanks: Drink all that moonjuice please
(29:11 / All) Somnus: my balls are hanging outta my thong though
(29:14 / All) Geignard: I've been pining for you baby
(29:25 / All) Geignard: Did you shave your pubes at least
(29:30 / All) Somnus: No
(29:33 / All) Somnus: its a fucking forest
(29:38 / All) Geignard: You're a bad bitch
(29:45 / All) Geignard: I need a bitch that will please his man
(29:58 / All) Somnus: Im a dude. you sick fuck
(30:04 / All) Geignard: So what
(30:09 / All) Somnus: ugay?
(30:12 / All) Geignard: We cna get married in some states now
(30:23 / All) Geignard: Get with the times
(30:33 / All) Geignard: We're here, we're queer, get used to it
(30:53 / All) rod-quit-on-us: we'll rape u green
(30:54 / All) rod-quit-on-us: u suck ass

(32:29 / All) Geignard: Message me on MSN
(32:31 / All) Geignard: when game is complete
(32:36 / All) IDidntSeeTanks: Tell him your email
(32:39 / All) IDidntSeeTanks: oh
(32:44 / All) IDidntSeeTanks: Thought he was trolling still
(32:53 / All) rod-quit-on-us: he had to go

(36:27 / All) Somnus: reds back mother fucker
(36:34 / All) IDidntSeeTanks: oh really
(36:40 / All) IDidntSeeTanks: sup
(36:42 / All) Somnus: SHIT
(36:46 / All) IDidntSeeTanks: lmfao
(36:54 / All) IDidntSeeTanks: That penguin wasn't on your side bro
(37:11 / All) rod-quit-on-us: we can take him red
(37:12 / All) rod-quit-on-us: yea
(37:14 / All) rod-quit-on-us: ill get bats
(37:15 / All) rod-quit-on-us: he sux
(37:25 / All) Somnus: lol
(37:29 / All) Somnus: such a cocky team
(37:31 / All) Somnus: they all leave
(37:37 / All) IDidntSeeTanks: Yeah, and you were the cockiest
(37:39 / All) rod-quit-on-us: puprle sucks
(38:29 / All) rod-quit-on-us: k
(38:43 / All) Somnus: fight at fountain bro
(38:57 / All) IDidntSeeTanks: Alright omw buddy
(39:04 / All) IDidntSeeTanks: Ready to get rocked?
(39:22 / All) Somnus: im ready
(39:27 / All) IDidntSeeTanks: You said near it
(39:29 / All) IDidntSeeTanks: not at it
(39:36 / All) IDidntSeeTanks: Lying sack of shit
(39:38 / All) rod-quit-on-us: die puprle
(40:01 / All) IDidntSeeTanks: Bye.
(40:07 / All) IDidntSeeTanks: free xp, mmm
(40:14 / All) IDidntSeeTanks: I think I lost only 1 hawk
(40:29 / All) rod-quit-on-us: yea
(40:32 / All) rod-quit-on-us: he cant defend vs bats

(42:07 / All) Somnus: nice penguin?
(42:13 / All) rod-quit-on-us: wood red
(43:11 / All) IDidntSeeTanks: I still got critters
(43:55 / All) Somnus: just leave bro
(44:00 / All) Somnus: your hole team bailed
(44:06 / All) Somnus: whole*
(44:08 / All) IDidntSeeTanks: Yeah, they were all ballers
(44:41 / All) rod-quit-on-us: u suck purple
(44:52 / All) IDidntSeeTanks: Should we tell him the truth now?
(44:59 / All) Somnus: "
(45:01 / All) rod-quit-on-us: what u mean
(45:04 / All) Somnus: Its obvious
(45:08 / All) Somnus: ...
(45:13 / All) IDidntSeeTanks: sup
(45:16 / All) rod-quit-on-us: what is obvious
(45:20 / All) IDidntSeeTanks: i thought it was obvious? The seal was hidden
(45:26 / All) Somnus: The Truth
(45:36 / All) Somnus: purple did u kill everyone?
(45:42 / All) IDidntSeeTanks: We were AT. green, blue, and I were all stabbers grouped together
(45:46 / All) IDidntSeeTanks: He is just pulling your leg
(45:50 / All) IDidntSeeTanks: to make you think you have a chance
(45:56 / All) Somnus: aw
(45:58 / All) Somnus: i could tell
(46:05 / All) Somnus: the 10000 witch docters at fountain
(46:50 / All) Somnus: this sucks
(46:55 / All) Somnus: we prob couldve won
(46:59 / All) IDidntSeeTanks: It's what we do. You are just another victim
(47:11 / All) rod-quit-on-us: rez ur hero at tav
(47:33 / All) Somnus: ty

(48:56 / All) IDidntSeeTanks: sup
(49:08 / All) Somnus: setup again
(49:09 / All) Somnus: fuck
(49:20 / All) IDidntSeeTanks: I knew where your last hall must be
(49:21 / All) IDidntSeeTanks: Sorry
(49:23 / All) Somnus: Again
(50:09 / All) IDidntSeeTanks: That was really just a lucky guess with Turncoat's army
(50:16 / All) rod-quit-on-us: what u mean
(50:27 / All) IDidntSeeTanks: I was wandering it around finally and saw his AM
(51:05 / All) Somnus: fight blue at fountain now
(51:07 / All) Somnus: common1
(51:27 / All) IDidntSeeTanks: I don't want to give you any pleasure, red
(51:34 / All) Somnus: Fuck
(52:18 / All) IDidntSeeTanks: You almost had my last peasant too
(52:46 / All) Somnus: Defend the farm
(53:10 / All) IDidntSeeTanks: These will be cannon towers, to end it all with a bang
(53:27 / All) IDidntSeeTanks: Look at how much money we have
(53:47 / All) IDidntSeeTanks: lol
(53:54 / All) IDidntSeeTanks: Wish I had dual or tri hero for free xp

(54:59 / All) Somnus: still 1 farm
(55:04 / All) IDidntSeeTanks: Not often that you see cannon towers
(55:36 / All) IDidntSeeTanks: Alright I am coming, he told me where it is
(55:49 / All) Somnus: Its revealed?
(55:53 / All) IDidntSeeTanks: Yes